 Dungeon Crawl Stone Soup version 0.19-a0-291-ga637243 (webtiles) character file.

196 epen the Chiller (level 5, -8/38 HPs)
             Began as a Demonspawn Ice Elementalist on May 27, 2016.
             Mangled by a gnoll
             ... wielding a +0 halberd
              (14 damage)
             ... on level 4 of the Dungeon.
             The game lasted 00:09:50 (3820 turns).

epen the Chiller (Demonspawn Ice Elementalist)      Turns: 3820, Time: 00:09:51

Health: -8/38      AC:  2    Str:  9    XL:     5   Next: 45%
Magic:  1/9        EV:  8    Int: 22    God:
Gold:   128        SH:  0    Dex: 13    Spells: 3 memorised, 4 levels left

rFire  . . .     SeeInvis .     l - +0 dagger
rCold  . . .     Gourm    .     a - +0 robe
rNeg   . . .     Faith    .     (no shield)
rPois  .         Spirit   .     (no helmet)
rElec  .         Dismiss  .     i - -1 cloak
rCorr  .         Reflect  .     (no gloves)
SustAt .         Harm     .     (boots unavailable)
MR     .....                    (no amulet)
Stlth  +.........               (no ring)
                                n - +5 ring of intelligence

@: not resistant to hostile enchantments, very unstealthy
A: hooves 3, wild magic 1
a: no special abilities


You were on level 4 of the Dungeon.
You were not hungry.

You visited 1 branch of the dungeon, and saw 4 of its levels.

You collected 128 gold pieces.

Inventory:

Hand Weapons
 l - a +0 dagger (weapon)
Armour
 a - a +0 robe (worn)
 h - a +0 pair of boots
 i - a -1 cloak (worn)
Jewellery
 n - a +5 ring of intelligence (left hand)
Wands
 d - a wand of flame (28/48)
 f - a wand of digging (5/24)
Scrolls
 e - 2 scrolls of identify
 g - a scroll of noise {unknown}
 j - 3 scrolls of remove curse
Potions
 k - a potion of lignification {unknown}
 m - a potion of berserk rage {unknown}
Books
 b - a book of Frost

   Spells                             Type                      Level
   a - Freeze                         Ice                          1
   b - Throw Frost                    Conjuration/Ice              2
   c - Ozocubu's Armour               Charms/Ice                   3
   d - Throw Icicle                   Conjuration/Ice              4
   e - Summon Ice Beast               Ice/Summoning                4


   Skills:
 + Level 2.0 Fighting
 + Level 2.9 Dodging
 - Level 1.7 Stealth
 + Level 3.0 Spellcasting
 - Level 1.0 Conjurations
 * Level 3.9 Ice Magic


You had 4 spell levels left.
You knew the following spells:

 Your Spells              Type           Power        Failure   Level  Hunger
a - Freeze                Ice            ####         4%          1    None
b - Throw Frost           Conj/Ice       ###...       14%         2    ##.....
c - Ozocubu's Armour      Chrm/Ice       ###.....     24%         3    ###....


Dungeon Overview and Level Annotations

Branches:
Dungeon (4/15)
 Temple: D:4-7

Altars:
Elyvilon
Fedhas
Qazlal
Ukayaw
Yredelemnul

Annotations:
D:3 Grinder


Innate Abilities, Weirdness & Mutations

You have hooves in place of feet.
Your spells are a little harder to cast, but a little more powerful.


Message History

Aiming: Throw Frost
Press: ? - help, Shift-Dir - straight line, f/p - gnoll
Aim: a gnoll, wielding a halberd (severely wounded)
The puff of frost hits the gnoll.
The gnoll is severely wounded.
The gnoll closely misses you.
Casting: Throw Frost
Confirm with . or Enter, or press ? or * to list all spells.
Aiming: Freeze
Press: ? - help, Shift-Dir - straight line, f - gnoll, p - gnoll
Aim: a gnoll, wielding a whip (severely wounded)
You freeze the gnoll.
You kill the gnoll!
The gnoll hits you from afar with a halberd!
* * * LOW HITPOINT WARNING * * *
A gnoll comes into view. It is wielding a spear.
The gnoll throws a throwing net.
The throwing net barely misses you.
There is a stone staircase leading up here.
The gnoll hits you with a halberd!
You die...

#### #....
##########.....
#............. ##
#..........# .g
#..........##### #g
#...............
.## #.......@.g####
.o#. ####..#g#####
#.#. .....#..go.##
#...
...####.###..######
##o#. ### #.#
##.)....###g... #.#
######.##g.### #.#
#.#..## #.# #o..##
#.# ##...#


You could see 2 gnolls.

Vanquished Creatures
  Natasha (thrice) (D:2)
  An iguana (D:4)
  2 gnolls
  2 adders (D:2)
  An ooze (D:1)
  2 dart slugs (D:2)
  3 giant geckos (D:2)
  3 orcs (D:3)
  3 giant cockroaches
  6 goblins
  5 hobgoblins
  A jackal (D:3)
  4 bats (D:2)
  A giant newt (D:2)
  4 kobolds
  9 rats
50 creatures vanquished.

Notes
Turn   | Place    | Note
--------------------------------------------------------------
     0 | D:1      | epen the Demonspawn Ice Elementalist began the quest for the Orb.
     0 | D:1      | Reached XP level 1. HP: 13/13 MP: 3/3
   570 | D:1      | Gained mutation: You have large cloven feet. [demonic ancestry]
   570 | D:1      | Reached XP level 2. HP: 9/20 MP: 3/5
   811 | D:1      | Learned a level 2 spell: Throw Frost
   949 | D:1      | Reached skill level 1 in Fighting
  1141 | D:1      | Gained mutation: You have hoof-like feet. [demonic ancestry]
  1141 | D:1      | Reached XP level 3. HP: 15/26 MP: 2/6
  1288 | D:1      | Gained mutation: Your spells are a little harder to cast, but a little more powerful. [potion of beneficial mutation]
  1496 | D:2      | Found a hide-covered altar to Ukayaw.
  1521 | D:2      | Found a stormy altar of Qazlal.
  1606 | D:2      | Found a blossoming altar of Fedhas.
  1621 | D:2      | Found a faded altar to an unknown god.
  1685 | D:2      | Noticed Natasha
  1690 | D:2      | Killed Natasha
  1690 | D:2      | Gained mutation: You have hooves in place of feet. [demonic ancestry]
  1690 | D:2      | Reached XP level 4. HP: 26/32 MP: 3/7
  1803 | D:2      | Noticed Natasha
  1808 | D:2      | Killed Natasha
  2301 | D:2      | Noticed Natasha
  2316 | D:2      | Killed Natasha
  2316 | D:2      | Reached XP level 5. HP: 23/38 MP: 3/9
  2648 | D:3      | Found a basalt altar of Yredelemnul.
  2805 | D:3      | Noticed an ogre
  3020 | D:3      | Noticed Grinder
  3025 | D:3      | Paralysed by Grinder for 7 turns
  3100 | D:3      | Learned a level 3 spell: Ozocubu's Armour
  3126 | D:3      | Found a white marble altar of Elyvilon.
  3696 | D:3      | Noticed a black bear
  3820 | D:4      | Mangled by a gnoll

Vault maps used:
D:1:      scummos_arrival_star, grunt_decor_resistance
D:2:      nicolae_overflow_crystal_walls, old_standard_altar,
          lemuel_crystal_altar, serial_curves, eino_curves_01, eino_curves_02,
          ecumenical_altar_1, uniq_natasha
D:3:      kennysheep_ying_yang, old_standard_altar, first_bread, uniq_grinder
D:4:      uniq_sigmund

Skill      XL: |  1  2  3  4  5 |
---------------+----------------+-----
Dodging        | 2 |  2.9
Fighting       | 1 2 |  2.0
Ice Magic      | 3 |  3.9
Spellcasting   | 3 |  3.0
Stealth        | |  1.7
Conjurations   | |  1.0

Action                   |  1- 3 |  4- 6 || total
-------------------------+-------+-------++-------
Melee: Unarmed           |    24 |       ||    24
       Spear             |    10 |       ||    10
       Kick              |     3 |     8 ||    11
       Dagger            |     1 |    33 ||    34
 Cast: Freeze            |    42 |    36 ||    78
       Throw Frost       |     4 |     7 ||    11
  Use: Scroll            |     5 |     1 ||     6
       Potion            |     1 |       ||     1
 Stab: Sleeping          |     4 |       ||     4
  Eat: Chunk             |     3 |     5 ||     8
       Bread ration      |       |     1 ||     1
Armor: Robe              |    13 |     7 ||    20
Dodge: Dodged            |    40 |    56 ||    96
